 Dungeon Crawl Stone Soup version 0.28.0-45-g0d030f2227 (webtiles) character file.

Game seed: 6409555530743449346

305 zeratav the Insei (level 6, -22/41 HPs)
             Began as an Octopode Transmuter on Apr 13, 2022.
             Killed from afar by a steam dragon (26 damage)
             ... with a ball of steam
             ... on level 4 of the Dungeon.
             The game lasted 00:06:04 (4057 turns).

zeratav the Insei (Octopode Transmuter)             Turns: 4057, Time: 00:06:04

Health: -22/41     AC:  1    Str: 10    XL:     6   Next: 39%
Magic:  7/9        EV: 14    Int: 15    God:
Gold:   130        SH:  0    Dex: 14    Spells: 5/9 levels left

rFire   . . .      SeeInvis .   f - +4 short sword {short}
rCold   . . .      Faith    .   (no shield)
rNeg    . . .      Spirit   .   (helmet restricted)
rPois   .          Reflect  .   j - amulet of the acrobat
rElec   .          Harm     .   (no ring)
rCorr   .          Rampage  .   (no ring)
Will    .....                   (no ring)
Stlth   +++.......              (no ring)
HPRegen 0.13/turn               (no ring)
MPRegen 0.11/turn               (no ring)
                                (no ring)
                                (no ring)

@: no status effects
A: almost no armour, amphibious, 8 rings, camouflage 1, gelatinous body 1,
(nimble swimmer 1), tentacles
a: no special abilities


You were on level 4 of the Dungeon.
You visited 1 branch of the dungeon, and saw 4 of its levels.

You collected 130 gold pieces.


Innate Abilities, Weirdness & Mutations

You cannot wear most types of armour.
You are amphibious.
You can wear up to eight rings at the same time.
Your skin changes colour to match your surroundings (Stealth+).
Your rubbery body absorbs attacks. (AC +1, EV +1)
((You are camouflaged when in or above water. (Stealth+)))
You have tentacles for arms and can constrict up to eight enemies at once.


   Skills:
 + Level 2.8 Fighting
 + Level 3.3 Dodging
 + Level 3.9 Stealth
 * Level 4.8 Unarmed Combat
 - Level 2.0 Spellcasting
 - Level 2.0 Transmutations


You had 5 spell levels left.
You knew the following spells:

 Your Spells              Type           Power      Damage    Failure   Level
a - Beastly Appendage     Tmut           14%        N/A       10%         1
b - Spider Form           Tmut/Pois      4%         N/A       41%         3

Your spell library contained the following spells:

 Spells                   Type           Power      Damage    Failure   Level
 Wereblood                Tmut           7%         N/A       14%         2
 Call Canine Familiar     Summ           1%         N/A       54%         3
 Portal Projectile        Hex/Tloc       2%         N/A       54%         3
 Ice Form                 Ice/Tmut       4%         N/A       82%         4
 Leda's Liquefaction      Hex/Erth       0%         N/A       91%         4

Inventory:

Hand Weapons
 f - a +4 short sword (weapon) {short}
   (You found it on level 1 of the Dungeon)
 g - a +2 dagger of electrocution {short}
   (You found it on level 1 of the Dungeon)
 m - a +0 dagger of electrocution {short}
   (You took it off a goblin on level 2 of the Dungeon)
 r - a +0 mace of venom {mace}
   (You took it off an orc on level 4 of the Dungeon)
Missiles
 t - 2 silver javelins {throwing}
Jewellery
 j - an amulet of the acrobat (around mantle)
   (You found it on level 2 of the Dungeon)
Wands
 s - a wand of flame (18)
   (You took it off a hobgoblin on level 4 of the Dungeon)
Scrolls
 a - a scroll of teleportation {unknown}
 d - a scroll of identify {@r1}
 h - a scroll of fog
 i - a scroll of magic mapping {!r}
 l - a scroll of vulnerability {unknown}
 o - a scroll of amnesia {unknown}
 p - a scroll of brand weapon {unknown}
Potions
 b - a potion of mutation {unknown}
 c - 2 potions of flight {unknown}
 e - a potion of degeneration {unknown}
 k - a potion of invisibility {unknown}
 n - a potion of berserk rage {unknown}
 q - a potion of lignification {unknown}

Dungeon Overview and Level Annotations

Branches:
Dungeon (4/15)
 Temple: D:4-7

Altars:
Zin

Annotations:
D:3 1 runed translucent door, NinjaNoafa's ghost, amateur GnWn

..... (.###.# # ...#
.....##.# #..##......
#..#.##.## #..)....# ###
##)?....# ...# #......##
#..############.o....# #
#..............@D....# .#
##........######.§....## .[.
#...........###........#....
[.........#.[........#.......
##........#.............(....
############.####..†........
#.####.##........
###....[....#.....#
.......<....#..##.#


You could see a steam dragon (catching breath) and an orc.


Message History

You now have 130 gold pieces (gained 12).
An iguana comes into view.
The iguana hisses angrily.
An ogre comes into view. It is wielding a +0 giant club.
You see here 2 silver javelins {throwing}.
HP[+1]
t - 2 silver javelins {throwing}
Casting: Spider Form (quite dangerous; 41% risk of failure)
Confirm with . or Enter, or press ? or * to list all spells.
The spell is quite dangerous to miscast (41% risk of failure)!
Continue anyway?
You turn into a venomous arachnid creature.
Your +4 short sword {short} melds into your body.
Your transformation is almost over.
MP[-3]
You lost 3 mp, and now have 6/9 mp.
You hit the iguana.
The iguana is poisoned.
The iguana barely misses you.
You hit the iguana.
The iguana looks as sick as possible!
The iguana closely misses you.
You completely miss the iguana. The iguana barely misses you.
You hit the iguana.
You kill the iguana!
HP[+1]
Your hp is fully restored (41).
MP[+1]
Your transformation has ended.
Your +4 short sword {short} unmelds from your body.
An orc and a quokka skeleton come into view.
Casting: Spider Form (quite dangerous; 41% risk of failure)
Confirm with . or Enter, or press ? or * to list all spells.
The spell is quite dangerous to miscast (41% risk of failure)!
Continue anyway?
You turn into a venomous arachnid creature.
Your +4 short sword {short} melds into your body.
Your transformation is almost over.
The orc shouts!
You hear an angry hiss.
MP[-3]
You lost 3 mp, and now have 4/9 mp.
You see here a scroll labelled QUXZUFF SIHIOK.
You hit the orc.
The orc is poisoned.
The orc closely misses you.
MP[+1]
You barely miss the orc.
You kill the orc!
An orc comes into view.
It is wielding a +0 mace and wearing a +1 ring mail of cold resistance.
The orc completely misses you.
A steam dragon comes into view.
Things that are here:
a +0 whip {mace}; a +0 scale mail The orc closely misses you.
The orc shouts!
You hit the orc.
The orc is poisoned.
You hear a shout!
The quokka skeleton bites you. The orc hits you with a +0 flail.
HP[-6]
You take 6 damage, and now have 35/41 hp.
You hit the orc.
You kill the orc!
The quokka skeleton barely misses you.
The quokka skeleton completely misses you.
Things that are here:
a +0 flail {mace}; a +0 chain mail; an orc corpse The quokka skeleton closely misses you.
The quokka skeleton misses you.
Your transformation has ended.
Your +4 short sword {short} unmelds from your body.
MP[+1] HP[+1]
You hit the quokka skeleton. You grab the quokka skeleton.
You squeeze the quokka skeleton.
You destroy the quokka skeleton!
You hit the steam dragon but do no damage.
You tentacle-slap the steam dragon. You squeeze the steam dragon.
The steam dragon bites you. The steam dragon claws you. The orc misses you.
HP[-6]
You take 6 damage, and now have 30/41 hp.
You barely miss the steam dragon. The steam dragon breathes steam at you.
The ball of steam hits you!
* * * LOW HITPOINT WARNING * * *
The orc hits you with a +0 mace.
* * * LOW HITPOINT WARNING * * *
You hear a shout!
HP[-17]
You take 17 damage, and now have 13/41 hp.
MASSIVE DAMAGE!! (PAUSE)
The steam dragon completely misses you. The steam dragon misses you.
You barely miss the steam dragon. You squeeze the steam dragon.
The steam dragon completely misses you. The steam dragon closely misses you.
The orc misses you.
You hit the steam dragon. The steam dragon bites you.
* * * LOW HITPOINT WARNING * * *
The steam dragon barely misses you. The orc hits you but does no damage.
The steam dragon barely misses you. The steam dragon claws you.
* * * LOW HITPOINT WARNING * * *
HP[-9]
You take 9 damage, and now have 4/41 hp.
MASSIVE DAMAGE!! (PAUSE)
You puncture the steam dragon! The orc hits you but does no damage.
The steam dragon breathes steam at you. The ball of steam hits you!!
Ouch! That really hurt!
You die...

Skill      XL: |  1  2  3  4  5 |
---------------+----------------+-----
Stealth        | 1 2 3 |  3.9
Fighting       | 2 |  2.8
Unarmed Combat | 4 |  4.8
Dodging        | 3 |  3.3
Spellcasting   | |  2.0
Transmutations | |  2.0

Action                   |  1- 3 |  4- 6 || total
-------------------------+-------+-------++-------
Melee: Unarmed           |    50 |    19 ||    69
       Tentacles         |    11 |    15 ||    26
       Constrict         |    21 |    17 ||    38
       Kick              |    14 |    18 ||    32
       Punch             |     4 |     3 ||     7
       Short sword       |    26 |    83 ||   109
 Cast: Beastly Appendage |    19 |    25 ||    44
       Spider Form       |       |     3 ||     3
  Use: Scroll            |       |     2 ||     2
 Stab: Sleeping          |     9 |    10 ||    19
Armor: Skin              |     5 |     7 ||    12
Dodge: Dodged            |    33 |    71 ||   104

Levels and vault maps discovered:
D:1:      tarquinn_simple_flora_water_b, layout_loops_corners,
          shapermc_ecumenical_altar_acropolis, minmay_misc_feat_chi,
          minmay_liquid_box
D:2:      layout_rooms, basic_altar
D:3:      minmay_angry_zag, layout_loops_cross, ebering_ghost_sewer_d
D:4:      layout_rooms, portal_sewer_entry_d

Notes
Turn   | Place    | Note
-------+----------+-------------------------------------------
     0 | D:1      | zeratav the Octopode Transmuter began the quest for the
                  | Orb.
     0 | D:1      | Reached XP level 1. HP: 13/13 MP: 3/3
     0 | D:1      | magus.rc [v1.9.6]
    27 | D:1      | Found a faded altar of an unknown god.
   232 | D:1      | Reached XP level 2. HP: 11/18 MP: 3/5
   368 | D:1      | Reached skill level 1 in Stealth
  1169 | D:1      | Reached XP level 3. HP: 22/23 MP: 4/6
  2078 | D:2      | Reached skill level 2 in Stealth
  2078 | D:2      | Reached XP level 4. HP: 29/29 MP: 5/7
  2210 | D:2      | Found a glowing silver altar of Zin.
  2326 | D:2      | You pick up a book of the Hunter and begin reading...
  2326 | D:2      | You add the spells Call Canine Familiar, Portal Projectile
                  | and Leda's Liquefaction to your library.
  2589 | D:3      | Reached skill level 2 in Fighting
  2589 | D:3      | Reached skill level 4 in Unarmed Combat
  2670 | D:3      | Found a runed translucent door.
  2674 | D:3      | Noticed NinjaNoafa's ghost (amateur GnWn)
  2861 | D:3      | Reached XP level 5. HP: 30/34 MP: 6/8
  2897 | D:3      | Reached skill level 3 in Stealth
  3013 | D:3      | Reached skill level 3 in Dodging
  3698 | D:4      | Noticed a phantom
  3705 | D:3      | Learned a level 3 spell: Spider Form
  3721 | D:4      | Killed a phantom
  3722 | D:4      | Reached XP level 6. HP: 17/41 MP: 6/9
  4041 | D:4      | Noticed a steam dragon
  4056 | D:4      | HP: 10/41 [steam dragon (4)]
  4056 | D:4      | HP: 4/41 [steam dragon (6)]
  4057 | D:4      | Killed from afar by a steam dragon

Vanquished Creatures
  A phantom (D:4)
  A jelly (D:3)
  A centaur skeleton (D:3)
  An iguana (D:4)
  5 adders
  2 worms
  2 dart slugs (D:1)
  12 orcs
  A ball python (D:1)
  7 endoplasms
  3 giant cockroaches
  9 goblins
  10 hobgoblins
  6 jackals (D:1)
  4 quokkas
  6 bats
  3 frilled lizards
  3 kobolds
  A quokka skeleton (D:4)
  5 rats
83 creatures vanquished.

Table legend:
 A = Non-vault XP
 B = Vault XP
 C = Vault XP percentage of total XP
 D = Non-vault monster count
 E = Vault monster count
 F = Vault count percentage of total count
                 A         B        C        D         E       F
            +---------+---------+-------+---------+---------+-------
      Total |     425 |      11 |   2.5 |      78 |       5 |   6.0
            +---------+---------+-------+---------+---------+-------
        D:1 |      65 |       0 |   0.0 |      34 |       0 |   0.0
        D:2 |      47 |       0 |   0.0 |      13 |       0 |   0.0
        D:3 |     159 |      11 |   6.5 |      23 |       5 |  17.9
        D:4 |     154 |       0 |   0.0 |       8 |       0 |   0.0
            +---------+---------+-------+---------+---------+-------

Illustrated notes

Table legend:
 A = Kills in this place as a percentage of kills in entire the game.
 B = Kills by you in this place as a percentage of kills by you in the entire game.
 C = Kills by friends in this place as a percentage of kills by friends in the entire game.
 D = Other kills in this place as a percentage of other kills in the entire game.
 E = Experience gained in this place as a percentage of experience gained in the entire game.
 F = Experience gained in this place divided by the number of levels of this place that you have seen.
                   A       B       C       D       E      F
               +-------+-------+-------+-------+-------+----------------------
         Total | 100.0 | 100.0 |   N/A |   N/A | 100.0 | 109.0
       Dungeon | 100.0 | 100.0 |   N/A |   N/A | 100.0 | 109.0
               +-------+-------+-------+-------+-------+----------------------

Table legend: (Time is in decaauts)
 A = Elapsed time spent in this place.
 B = Non-inter-level travel time spent in this place.
 C = Inter-level travel time spent in this place.
 D = Time resting spent in this place.
 E = Time spent auto-exploring this place.
 F = Levels seen in this place.
 G = Mean time per level.
                   A        B        C        D        E       F      G
               +--------+--------+--------+--------+--------+-----+--------+
         Total |   4065 |   3909 |    156 |    244 |   3061 |   4 | 1016.2 |
       Dungeon |   4065 |   3909 |    156 |    244 |   3061 |   4 | 1016.2 |
               +--------+--------+--------+--------+--------+-----+--------+

Top non-repeatable levels by time:
     D:1: 2024 daAuts
     D:3: 1336 daAuts
     D:2: 533 daAuts
     D:4: 171 daAuts
